 Dungeon Crawl Stone Soup version 0.30-a0-341-g682706514a (webtiles) character file.

Game seed: 16558684739065065908

108 Lanoc the Conjurer (level 4, 0/33 HPs)
             Began as a Draconian Conjurer on Nov 1, 2022.
             Slain by Ijyb
             ... wielding a +0 dagger of venom
              (8 damage)
             ... on level 3 of the Dungeon.
             The game lasted 00:03:12 (2160 turns).

Lanoc the Conjurer (Draconian Conjurer)             Turns: 2160, Time: 00:03:13

Health: 0/33       AC:  5    Str: 11    XL:     4   Next: 58%
Magic:  2/7        EV: 12    Int: 21    God:
Gold:   79         SH:  0    Dex:  9    Spells: 4/7 levels left

rFire   . . .      SeeInvis +    l - +5 spear of Perfectionism {freeze, Fly rPois Str+2 SInv}
rCold   . . .      Faith    .    (no shield)
rNeg    . . .      Spirit   .    (body armour unavailable)
rPois   +          Reflect  .    (helmet restricted)
rElec   .          Harm     .    (no cloak)
rCorr   +          Rampage  .    (no gloves)
Will    .....                    (no boots)
Stlth   ++........               (no amulet)
HPRegen 0.25/turn                f - ring of resist corrosion
MPRegen 0.10/turn                (no ring)

@: lethally poisoned (0 -> -13), flying
A: AC +5, unfitting armour, cold-blooded
a: no special abilities


You were on level 3 of the Dungeon.
You visited 1 branch of the dungeon, and saw 3 of its levels.

You collected 129 gold pieces.
You spent 50 gold pieces at shops.

Inventory:

Hand Weapons
 l - the +5 spear of Perfectionism (weapon) {freeze, Fly rPois Str+2 SInv}
   (You found it on level 2 of the Dungeon)

   It freezes those it strikes, dealing additional cold damage.
   It can also slow down cold-blooded creatures.
   Str:       It affects your strength (+2).
   rPois:     It protects you from poison.
   SInv:      It lets you see invisible.
   Fly:       It grants you flight.
Magical Staves
 j - a staff of fire
Jewellery
 f - a ring of resist corrosion (left hand)
Scrolls
 e - a scroll of noise {unknown}
 g - 2 scrolls of summoning {unknown}
 h - a scroll of vulnerability {unknown}
 i - 3 scrolls of fear {unknown}
 k - a scroll of identify {unknown}
Potions
 a - a potion of magic
 c - a potion of curing {unknown}
 d - a potion of degeneration {unknown}


   Skills:
 + Level 2.9 Dodging
 - Level 1.7 Stealth
 - Level 2.0 Spellcasting
 * Level 5.4 Conjurations


You had 4 spell levels left.
You knew the following spells:

 Your Spells              Type           Power      Damage    Failure   Level
a - Magic Dart            Conj           100%       1d8       1%          1
b - Searing Ray           Conj           50%        2d6       2%          2

Your spell library contained the following spells:

 Spells                   Type           Power      Damage    Failure   Level
 Slow                     Hex            8%         N/A       14%         1
 Dazzling Flash           Conj/Hex       26%        N/A       14%         3
 Confusing Touch          Hex            2%         N/A       41%         3
 Vampiric Draining        Necr           2%         2d6       41%         3
 Fulminant Prism          Conj/Hex       6%         3d7       43%         4
 Iskenderun's Mystic Bla  Conj/Tloc      13%        2d5       43%         4


Dungeon Overview and Level Annotations

Branches:
Dungeon (3/15)

Altars:

Shops:
D:2 *

Annotations:
D:3 Ijyb


Innate Abilities, Weirdness & Mutations

Your plain brown scales are hard. (AC +5)
You cannot fit into any form of body armour.
You are cold-blooded and may be slowed by cold attacks.


Message History

You hit Ijyb but do no damage.
Ijyb is moderately wounded.
Ijyb hits you but does no damage.
You hit Ijyb but do no damage.
Your tail-slap misses Ijyb.
Ijyb is moderately wounded.
Ijyb drinks a potion.
Ijyb seems to grow stronger.
You barely miss Ijyb.
Your tail-slap misses Ijyb.
Ijyb is moderately wounded.
Ijyb barely misses you.
You hit Ijyb. You freeze Ijyb.
Ijyb is heavily wounded.
Ijyb hits you with a +0 dagger of venom.
You closely miss Ijyb.
Ijyb is heavily wounded.
Ijyb hits you with a +0 dagger of venom.
You are poisoned.
Casting: Searing Ray (safe; 2% risk of failure)
Confirm with . or Enter, or press ? or * to list all spells.
You don't have enough magic to cast this spell.
It was a potion of heal wounds.
You feel much better.
You feel very sick. Ijyb hits you but does no damage.
You barely miss Ijyb.
Ijyb is heavily wounded.
You feel very sick.
Ijyb hits you with a +0 dagger of venom.
You hit Ijyb. You freeze Ijyb.
Ijyb is severely wounded.
You feel sick. Ijyb hits you but does no damage.
You closely miss Ijyb.
Ijyb is severely wounded.
You feel sick.
Ijyb hits you with a +0 dagger of venom!
You are lethally poisoned!
You hit Ijyb but do no damage.
Ijyb is severely wounded.
* * * LOW HITPOINT WARNING * * *
You feel very sick.
Ijyb hits you with a +0 dagger of venom!
You die...

#######.#
#.#.......#
#.#.#######
#...# #...#
....####
#.....#
##g...#
###.###@..##
#.†...)....#
..#######..#
#.# ##


You could see Ijyb (strong).

Vanquished Creatures
  4 adders
  3 gnolls (D:2)
  A worm (D:2)
  4 ball pythons
  5 endoplasms
  2 giant cockroaches
  2 goblins
  9 hobgoblins
  3 quokkas
  A bat (D:1)
  4 kobolds
  2 rats (D:2)
40 creatures vanquished.

Notes
Turn   | Place    | Note
-------+----------+-------------------------------------------
     0 | D:1      | Lanoc the Draconian Conjurer began the quest for the Orb.
     0 | D:1      | Reached XP level 1. HP: 14/14 MP: 3/3
   192 | D:1      | Reached XP level 2. HP: 12/20 MP: 0/5
   195 | D:1      | Learned a level 2 spell: Searing Ray
  1078 | D:2      | Reached XP level 3. HP: 25/26 MP: 0/6
  1238 | D:2      | Found Esan's Assorted Antiques.
  1277 | D:2      | Bought a scroll labelled ICAFY ERGHOYM for 25 gold pieces
  1277 | D:2      | Bought a scroll labelled ICAFY ERGHOYM for 25 gold pieces
  1343 | D:1      | Reached skill level 5 in Conjurations
  1682 | D:2      | Reached XP level 4. HP: 33/33 MP: 4/7
  1776 | D:2      | Identified the +5 spear of Perfectionism {freeze, Fly rPois
                  | Str+2 SInv}
  2145 | D:3      | Noticed Ijyb
  2160 | D:3      | Slain by Ijyb

Illustrated notes

Levels and vault maps discovered:
D:1:      dpeg_arrival_signposts, layout_rooms
D:2:      layout_basic, serial_shops, nicolae_shop_trees
D:3:      layout_basic, serial_curves, eino_curves_02, eino_curves_04,
          eino_curves_04, eino_curves_04,
          dreamdust_ecumenical_altar_hidden_monk_grotto,
          uniq_crazy_yiuf_cottage, uniq_ijyb

Skill      XL: |  1  2  3 |
---------------+----------+-----
Dodging        | 2 |  2.9
Conjurations   | 5 |  5.4
Stealth        | |  1.7
Spellcasting   | |  2.0

Action                   |  1- 3 |  4- 6 || total
-------------------------+-------+-------++-------
Melee: Unarmed           |    41 |       ||    41
       Tailslap          |     5 |       ||     5
       Spear             |       |    12 ||    12
 Cast: Magic Dart        |    61 |     4 ||    65
       Searing Ray       |     4 |     4 ||     8
  Use: Potion            |       |     1 ||     1
Armor: Skin              |    18 |     5 ||    23
Dodge: Dodged            |    41 |     6 ||    47

Table legend: (Time is in decaauts)
 A = Elapsed time spent in this place.
 B = Non-inter-level travel time spent in this place.
 C = Inter-level travel time spent in this place.
 D = Time resting spent in this place.
 E = Time spent auto-exploring this place.
 F = Levels seen in this place.
 G = Mean time per level.
                   A        B        C        D        E       F      G
               +--------+--------+--------+--------+--------+-----+--------+
         Total |   2163 |   2082 |     81 |     52 |   1749 |   3 |  721.0 |
       Dungeon |   2163 |   2082 |     81 |     52 |   1749 |   3 |  721.0 |
               +--------+--------+--------+--------+--------+-----+--------+

Top non-repeatable levels by time:
     D:1: 1062 daAuts
     D:2: 989 daAuts
     D:3: 111 daAuts
